 Dungeon Crawl Stone Soup version 0.32-a0-520-g344ed53f66 (webtiles) character file.

Game seed: 14404871980251666232

6311 Dittersdorf the Warrior (level 10, -1/77 HPs)
             Began as a Gargoyle Fighter on Feb 27, 2024.
             Was an Initiate of Gozag.
             Killed from afar by a raiju (5 damage)
             ... with a living lightning
             ... on level 2 of the Abyss.
             The game lasted 00:11:57 (9448 turns).

Dittersdorf the Warrior (Gargoyle Fighter)          Turns: 9448, Time: 00:11:57

Health: -1/77      AC: 33    Str: 24    XL:     10   Next: 95%
Magic:  10/10      EV:  6    Int: 15    God:    Gozag
Gold:   1132       SH: 10    Dex:  9    Spells: 9/9 levels left

rFire   . . .        y - +3 mace (protect)
rCold   . . .        m - +1 kite shield {reflect}
rNeg    + . .        s - +2 plate armour {Will+}
rPois   ∞            q - +0 helmet
rElec   +            (no cloak)
rCorr   .            a - +0 pair of gloves
SInv    .            u - +0 pair of boots
Will    +....        (no amulet) Stlth
                     b - +6 ring of intelligence
HPRegen 0.32/turn    (no ring)
MPRegen 0.12/turn

%: reflection
@: under a protective aura
A: sickness immunity, AC +7, negative energy resistance 1, electricity
resistance, torment resistance 1, petrification resistance
a: Renounce Religion, Potion Petition, Call Merchant, Bribe Branch


You were on level 2 of the Abyss.
You worshipped Gozag.
Gozag was most pleased with you.
You visited 2 branches of the dungeon, and saw 11 of its levels.
You visited the Abyss 1 time.

You collected 1216 gold pieces.
You paid 84 gold pieces to Gozag.

Inventory:

Hand Weapons
 x - a +0 morningstar
 y - a +3 mace of protection (weapon)
Armour
 a - a +0 pair of gloves (worn)
 m - a +1 kite shield of reflection (worn)
 q - a +0 helmet (worn)
 s - a +2 plate armour of willpower (worn)
 u - a +0 pair of boots (worn)
Magical Staves
 p - a staff of earth
Jewellery
 b - a +6 ring of intelligence (left hand)
 o - an amulet of faith
Wands
 v - a wand of acid (1) (quivered)
Scrolls
 e - 3 scrolls of enchant armour
 h - 2 scrolls of blinking
 l - 4 scrolls of teleportation
 n - a scroll of fog
 r - 2 scrolls of fear
Potions
 c - 2 potions of enlightenment
 d - 2 potions of might
 f - 5 potions of curing
 i - a potion of haste
 j - 2 potions of mutation
 k - a potion of brilliance {unknown}
 t - 3 potions of heal wounds
 z - a potion of degeneration {unknown}


   Skills:
 + Level 15.4 Fighting
 + Level 6.4 Maces & Flails
 + Level 7.6 Armour
 + Level 7.5 Shields


You had 9 spell levels left.
You didn't know any spells.
Your spell library contained the following spells:

 Spells                   Type           Power      Damage    Failure   Level
 Ensorcelled Hibernation  Hex/Ice        0%         N/A       100%        2
 Passwall                 Erth           0%         N/A       100%        3
 Swiftness                Air            0%         N/A       100%        3
 Volatile Blastmotes      Fire/Tloc      0%         2d10      100%        3
 Fulminant Prism          Conj/Alch      0%         3d5       100%        4
 Iskenderun's Mystic Bla  Conj/Tloc      0%         2d3       100%        4


Dungeon Overview and Level Annotations

Branches:
Dungeon (10/15)            Temple (1/1) D:6            Lair (0/5) D:9
    Orc (0/2) D:9

Altars:
Ashenzari
Cheibriados
Dithmenos
Elyvilon
Fedhas
Gozag
Hepliaklqana
Kikubaaqudgha
Makhleb
Nemelex Xobeh
Okawaru
Qazlal
Ru
Sif Muna
Trog
Uskayaw
Vehumet
Wu Jian
Xom
Zin
The Shining One

Annotations:
D:10 Harold
Temple 2 transporters


Innate Abilities, Weirdness & Mutations

You are immune to sickness and miasma.
Your stone body is resilient. (AC +7)
You are immune to poison.
You resist negative energy. (rN+)
You are resistant to electric shocks. (rElec)
You are resistant to unholy torment.
You are immune to petrification.


Message History

The raiju barks!
The raiju bursts into living lightning!
The living lightning hits you. You resist.
* * * LOW HITPOINT WARNING * * *
The raiju blinks!
A raiju comes into view.
You hear a bark!
A raiju comes into view.
You hear a chilling moan.
The raiju bursts into living lightning!
The living lightning hits you. You resist.
* * * LOW HITPOINT WARNING * * *
The raiju blinks! x2
You miss the raiju.
The raiju bites you but does no damage. x2
The raiju bursts into living lightning!
The living lightning hits the raiju.
The raiju completely resists.
The living lightning hits you. You resist.
* * * LOW HITPOINT WARNING * * *
The living lightning misses the raiju.
The raiju blinks!
You hit the raiju but do no damage.
Your weapon exudes an aura of protection.
You block the raiju's attack.
The raiju bites you but does no damage. x2
The raiju bursts into living lightning!
The living lightning hits the raiju.
The raiju completely resists.
The living lightning hits you. You resist.
* * * LOW HITPOINT WARNING * * *
The raiju blinks!
The raiju bites you.
* * * LOW HITPOINT WARNING * * *
The raiju shocks you. You resist.
* * * LOW HITPOINT WARNING * * *
You hit the raiju.
The raiju is lightly wounded.
The raiju bursts into living lightning!
The living lightning hits you. You resist.
* * * LOW HITPOINT WARNING * * *
The raiju blinks!
The raiju bursts into living lightning!
The living lightning hits you. You resist.
You die...
Your body crumbles into a pile of gold.

## .#.### ##..
..#. .##.#. #...##
....... .#..#
#.....##....####.
#. ...#..#........
#..#.##...#...#..
#..∩h§h#.... ...
#...#@##..## ...
...##.hh##......##
. #..####....##..
##.#....#..##. .
#..#..... .#. ##
#...###.## #.
#..##..# ###. #.##
.. .. .... # #. #
....


You could see 4 raiju.

Vanquished Creatures
  Pikel (D:8)
  A cyclops (D:9)
  Joseph (D:8)
  A vampire (D:9)
  A wyvern (D:9)
  4 yaks (D:8)
  2 steam dragons (D:8)
  2 water moccasins (D:5)
  A black bear (D:6)
  An ogre (D:6)
  7 centaurs
  3 bullfrogs
  2 gnoll sergeants
  3 scorpions
  9 wights
  15 killer bees
  2 howler monkeys
  3 bombardier beetles
  A quasit (D:8)
  A jelly (D:6)
  A gnoll bouda (D:7)
  4 orc priests
  6 hounds
  Jessica (D:2)
  An iguana (D:5)
  4 orc wizards
  A sleepcap (D:3)
  Robin (D:3)
  6 adders
  16 gnolls
  3 shadow imps
  3 white imps
  4 ufetubi
  4 ribbon worms
  2 dart slugs
  27 orcs
  2 ball pythons
  12 endoplasms
  3 giant cockroaches
  13 goblins
  6 hobgoblins
  6 jackals
  2 quokkas
  7 bats
  3 frilled lizards
  7 kobolds
  6 rats
212 creatures vanquished.

Vanquished Creatures (others)
  A wight (D:8)
  An orc wizard (D:8)
  2 orcs (D:8)
4 creatures vanquished.

Grand Total: 216 creatures vanquished

Notes
Turn   | Place    | Note
-------+----------+-------------------------------------------
     0 | D:1      | Dittersdorf the Gargoyle Fighter began the quest for the
                  | Orb.
     0 | D:1      | Reached XP level 1. HP: 14/14 MP: 1/1
   105 | D:1      | Reached XP level 2. HP: 16/19 MP: 2/2
   437 | D:1      | Reached XP level 3. HP: 23/23 MP: 3/3
   589 | D:2      | HP: 1/24 [gnoll/+0 spear (3)]
   606 | D:1      | HP: 1/24 [gnoll/+0 whip (5)]
   783 | D:2      | Reached XP level 4. HP: 29/29 MP: 4/4
   828 | D:2      | Found a faded altar of an unknown god.
   896 | D:2      | Noticed Jessica
   910 | D:2      | Killed Jessica
   911 | D:2      | Reached skill level 4 in Fighting
  1135 | D:2      | Reached XP level 5. HP: 33/33 MP: 5/5
  1152 | D:3      | Noticed Robin
  1346 | D:3      | Killed Robin
  2286 | D:3      | Reached XP level 6. HP: 39/39 MP: 6/6
  2327 | D:4      | Reached skill level 14 in Fighting
  2327 | D:4      | Reached XP level 7. HP: 59/59 MP: 7/7
  2357 | D:4      | Found a snail-covered altar of Cheibriados.
  2693 | D:4      | Found an ornate altar of the Wu Jian Council.
  2776 | D:4      | Found a shimmering altar of Xom.
  3114 | D:5      | Entered Level 5 of the Dungeon
  3374 | D:5      | Reached skill level 5 in Armour
  3374 | D:5      | Reached XP level 8. HP: 65/65 MP: 8/8
  3441 | D:5      | Reached skill level 5 in Shields
  3553 | D:5      | Found a shimmering blue altar of Sif Muna.
  4407 | D:6      | Identified the +8 broad axe "Imic" {elec, *Rage ^Drain
                  | rPois rC++}
  4539 | D:6      | Found a staircase to the Ecumenical Temple.
  4548 | Temple   | Found a transporter.
  4548 | Temple   | Found a transporter.
  4548 | Temple   | Found a transporter.
  4548 | Temple   | Found a transporter.
  4548 | Temple   | Entered the Ecumenical Temple
  4563 | Temple   | Became a worshipper of Gozag Ym Sagoz the Greedy
  5012 | D:5      | Reached XP level 9. HP: 56/70 MP: 9/9
  5300 | D:6      | Noticed a +0 dagger
  5301 | D:6      | Noticed a +0 hand axe
  5303 | D:6      | Found a hide-covered altar of Uskayaw.
  6163 | D:7      | Found a blossoming altar of Fedhas.
  7136 | D:8      | Noticed Joseph
  7171 | D:8      | Killed Joseph
  7172 | D:8      | Reached skill level 5 in Maces & Flails
  7706 | D:8      | Noticed Pikel
  7741 | D:8      | Killed Pikel
  7742 | D:8      | Reached skill level 15 in Fighting
  7742 | D:8      | Reached XP level 10. HP: 74/76 MP: 10/10
  8030 | D:8      | Found a bloodstained altar of Trog.
  8246 | D:8      | Found an ancient bone altar of Kikubaaqudgha.
  8626 | D:9      | Found a burning altar of Makhleb.
  8730 | D:9      | Found a staircase to the Orcish Mines.
  8798 | D:9      | Found a sparkling altar of Nemelex Xobeh.
  8831 | D:9      | Found a staircase to the Lair.
  9166 | D:9      | Noticed a cyclops
  9176 | D:9      | Killed a cyclops
  9297 | D:10     | Entered Level 10 of the Dungeon
  9309 | D:10     | Noticed Harold
  9332 | Abyss:2  | Cast into level 2 of the Abyss (Harold)
  9373 | Abyss:2  | Noticed a brown very ugly thing
  9392 | Abyss:2  | Noticed a starcursed mass
  9427 | Abyss:2  | Noticed a flayed ghost
  9448 | Abyss:2  | Killed from afar by a raiju

Illustrated notes

Levels and vault maps discovered:
D:1:      ncdulo_wetmaze, layout_rooms
D:2:      layout_rooms, ebering_ecumenical_altar_rust, uniq_jessica
D:3:      minmay_inner_zag, layout_loops_ring, item_on_display_a, uniq_robin
D:4:      layout_cave_pods, overflow_temple_1_default,
          nicolae_wu_jian_immortal_techniques, lemuel_tele_altar,
          minmay_statues_item, chequers_decorated_corner
D:5:      layout_loops_ring, tgw_sif, nrook_loot_triangle
D:6:      layout_basic, dancing_weapons_uskayaw, temple_hall
D:7:      layout_basic, mainiacjoe_overflow_chevrons
D:8:      layout_basic, marbit_many_paths, kiku_gazebo_garden_becter,
          serial_demonic, serial_demonic_d, serial_demonic_g, serial_demonic_b,
          serial_demonic_d, uniq_pikel, uniq_joseph
D:9:      layout_rooms, mainiacjoe_overflow_alcove_1,
          mainiacjoe_overflow_boulevard, lair_entry_dummy, orc_0_dummy,
          kennysheep_just_a_vault
D:10:     minmay_the_grid_square_5x5_3x3
          [minmay_the_grid_square_5x5_two_walls_a,
          minmay_the_grid_square_5x5_seven,
          minmay_the_grid_square_5x5_sharp_hourglass,
          minmay_the_grid_square_5x5_eight_small,
          minmay_the_grid_square_5x5_megaprize_open,
          minmay_the_grid_square_5x5_two, minmay_the_grid_square_5x5_bracketed,
          minmay_the_grid_square_5x5_gyroscope,
          minmay_the_grid_square_5x5_spiral_small], layout_loops_corners,
          lemuel_mausoleum_altar_yredelemnul, uniq_harold
Temple:   hellmonk_temple_divided_pantheon
Abyss:2:  base: D:9, base: D:2, base: D:2, evilmike_abyss_exit_chaos

Skill      XL: |  1  2  3  4  5  6  7  8  9 10 |
---------------+-------------------------------+-----
Fighting       | 4 14 15 | 15.4
Armour         | 4 5 6 7 |  7.6
Shields        | 4 5 6 7 |  7.5
Maces & Flails | 3 4 5 6 |  6.4

Action                     |  1- 3 |  4- 6 |  7- 9 | 10-12 || total
---------------------------+-------+-------+-------+-------++-------
  Melee: Flail             |    90 |   186 |   427 |       ||   703
         Whip              |       |       |       |   222 ||   222
         Mace              |       |       |       |    14 ||    14
  Evoke: Wand              |       |       |    23 |     5 ||    28
    Use: Scroll            |       |     5 |    12 |     6 ||    23
         Potion            |       |     1 |     1 |       ||     2
   Stab: Distracted        |       |     2 |     1 |     1 ||     4
 Armour: Scale mail        |    30 |       |       |       ||    30
         Chain mail        |    64 |   170 |   319 |       ||   553
         Plate armour      |       |       |   229 |   251 ||   480
  Dodge: Dodged            |    49 |    79 |   207 |    86 ||   421
         Repelled          |       |     1 |       |       ||     1
  Block: Buckler           |    22 |    52 |   186 |       ||   260
         Kite shield       |       |       |     8 |   142 ||   150
         Reflection        |       |       |       |    11 ||    11

Table legend: (Time is in decaauts)
 A = Elapsed time spent in this place.
 B = Non-inter-level travel time spent in this place.
 C = Inter-level travel time spent in this place.
 D = Time resting spent in this place.
 E = Time spent auto-exploring this place.
 F = Levels seen in this place.
 G = Mean time per level.
                   A        B        C        D        E       F      G
               +--------+--------+--------+--------+--------+-----+--------+
         Total |   9614 |   9234 |    380 |   1535 |   5475 |  12 |  801.2 |
       Dungeon |   9469 |   9089 |    380 |   1473 |   5475 |  10 |  946.9 |
        Temple |     28 |     28 |      0 |      0 |      0 |   1 |   28.0 |
         Abyss |    116 |    116 |      0 |     62 |      0 |   1 |  116.0 |
               +--------+--------+--------+--------+--------+-----+--------+

Top non-repeatable levels by time:
     D:5: 1519 daAuts
     D:8: 1422 daAuts
     D:7: 1281 daAuts
     D:6: 1163 daAuts
     D:3: 1038 daAuts
     D:9: 823 daAuts
     D:4: 795 daAuts
     D:2: 698 daAuts
     D:1: 691 daAuts
 Abyss:2: 116 daAuts
    D:10: 36 daAuts
  Temple: 28 daAuts
